 Dungeon Crawl Stone Soup version 0.18-a0-1521-g59d19af (webtiles) character file.

56 Ijustatesigmund the Insei (level 3, -9/24 HPs)
             Began as an Octopode Transmuter on Mar 7, 2016.
             Mangled by Sigmund
             ... wielding a +0 scythe
              (11 damage)
             ... on level 2 of the Dungeon.
             The game lasted 00:02:07 (1196 turns).

Ijustatesigmund the Insei (Octopode Transmuter)     Turns: 1196, Time: 00:02:07

Health: -9/24      AC:  1    Str:  9    XL:     3   Next: 97%
Magic:  6/6        EV: 12    Int: 16    God:
Gold:   51         SH:  0    Dex: 12    Spells: 3 memorised, 0 levels left

rFire  . . .     SeeInvis .       - Unarmed
rCold  . . .     Gourm    .     (no shield)
rNeg   . . .     Faith    .     (helmet restricted)
rPois  .         Spirit   .     (no amulet)
rElec  .         Dismiss  .     (no ring)
rCorr  .         Reflect  .     (no ring)
SustAt .         Harm     .     (no ring)
MR     .....                    (no ring)
Stlth  +++.......               (no ring)
                                (no ring)
                                (no ring)
                                (no ring)

@: not resistant to hostile enchantments, fairly stealthy
A: almost no armour, amphibious, 8 rings, constrict 8, camouflage 1, gelatinous
body 1
a: no special abilities


You were on level 2 of the Dungeon.
You were not hungry.

You visited 1 branch of the dungeon, and saw 2 of its levels.

You collected 51 gold pieces.

Inventory:

Missiles
 a - 12 arrows
 f - 25 poisoned arrows
Scrolls
 g - a scroll of magic mapping {unknown}
Potions
 d - a potion of degeneration {unknown}
 e - a potion of heal wounds {unknown}
 h - 2 potions of resistance
Books
 b - a book of Changes

   Spells                             Type                      Level
   a - Beastly Appendage              Transmutation                1
   b - Sticks to Snakes               Transmutation                2
   c - Spider Form                    Transmutation/Poison         3
   d - Ice Form                       Ice/Transmutation            4
   e - Blade Hands                    Transmutation                5
Comestibles
 c - 4 bread rations
 i - a meat ration
 k - a slice of pizza


   Skills:
 + Level 2.2 Fighting
 - Level 2.0 Dodging
 - Level 3.1 Stealth
 + Level 3.1 Unarmed Combat
 - Level 2.0 Spellcasting
 - Level 2.2 Transmutations
 + Level 0.5 Poison Magic


You couldn't memorise any spells.
You knew the following spells:

 Your Spells              Type           Power        Failure   Level  Hunger
a - Beastly Appendage     Trmt           #.....       10%         1    #......
b - Sticks to Snakes      Trmt           #.......     14%         2    ###....
c - Spider Form           Trmt/Pois      #.........   38%         3    ###....


Dungeon Overview and Level Annotations

Branches:
Dungeon (2/15)

Altars:

Annotations:
D:2 Natasha, Sigmund


Innate Abilities, Weirdness & Mutations

You cannot wear most types of armour.
You are amphibious.
You can wear up to eight rings at the same time.
You can use your tentacles to constrict eight enemies at once.
Your skin changes colour to match your surroundings (Stealth).
Your rubbery body absorbs attacks (AC +1).


Message History

You closely miss the giant gecko. Your grab misses the giant gecko.
The giant gecko misses you.
You tentacle-slap the giant gecko.
You kill the giant gecko!
Natasha, Servant of Life and Death comes into view.
Something hits you!
You closely miss the goblin. Your grab misses the goblin.
You squeeze the goblin.
You kill the goblin!
Something hits you!
A rat comes into view.
Natasha casts a spell.
Found 4 gold pieces.
A giant gecko comes into view.
You see here a scroll of identify.
Natasha casts a spell at you. The magic dart hits you!
* * * LOW HITPOINT WARNING * * *
Something hits you!
You die...

..$.####.# .# ........
#.# ..r...##...P
........l.P ####
.h..#.$..P.PP .....
#.....##.P...
.....##{.5.....P.P P
.......?@..# #.P.P.P
......%...####.P.P.P
....>.#....#...P....
<..............P.PPP.P
.......###.#...P.P.P.P P
#####..###...†.PPP.P.P.P.
#......#.<........P.P.
#...##...#..PPPPPPP.PP
......##........#.....


You could see Natasha, a white imp, a giant gecko (wandering) and a rat.

Vanquished Creatures
  An adder (D:1)
  2 oozes (D:1)
  A worm (D:2)
  4 dart slugs (D:1)
  2 giant geckos
  A bat (D:1)
  2 giant cockroaches (D:1)
  3 goblins
  A jackal (D:1)
  3 kobolds (D:1)
  3 giant newts
  4 rats (D:1)
27 creatures vanquished.

Notes
Turn   | Place    | Note
--------------------------------------------------------------
     0 | D:1      | Ijustatesigmund the Octopode Transmuter began the quest for the Orb.
     0 | D:1      | Reached XP level 1. HP: 13/13 MP: 3/3
   102 | D:1      | Reached skill level 1 in Stealth
   279 | D:1      | Reached XP level 2. HP: 13/18 MP: 5/5
   283 | D:1      | Learned a level 2 spell: Sticks to Snakes
   578 | D:1      | Reached XP level 3. HP: 19/23 MP: 6/6
  1097 | D:1      | Learned a level 3 spell: Spider Form
  1186 | D:2      | Noticed Sigmund
  1193 | D:2      | Noticed Natasha
  1196 | D:2      | Mangled by Sigmund

Vault maps used:
D:1:      co_arrival_random_square_maze
D:2:      tso_metal_star, minmay_hedge_maze, lemuel_tele_altar, uniq_natasha,
          uniq_sigmund

Skill      XL: |  1  2  3 |
---------------+----------+-----
Stealth        | 1 2 3 |  3.1
Fighting       | 2 |  2.2
Dodging        | |  2.0
Unarmed Combat | |  3.1
Spellcasting   | |  2.0
Transmutations | |  2.2
Poison Magic   | |  0.5

Action                   || total
-------------------------++-------
Melee: Unarmed           ||    65
  Use: Scroll            ||     6
 Stab: Sleeping          ||     9
  Eat: Chunk             ||     1
